 Dungeon Sprint DCSS version 0.27.1-33-g824d729ab1 (webtiles) character file.

Game seed: 6024840251062732985

611 Hipnos the Unseen (level 7, -5/29 (35) HPs)
             Began as a Spriggan Brigand on Dec 1, 2021.
             Was an Initiate of Okawaru.
             Slain by Sonja (8 damage)
             ... in the Dungeon (Sprint I: "Red Sonja").
             The game lasted 00:02:31 (170 turns).

Hipnos the Unseen (Spriggan Brigand)                 Turns: 170, Time: 00:02:32

HP:   -5/29 (35)    AC:  3    Str:  7    XL:     7   Next: 20%
MP:   8/8           EV: 18    Int: 12    God:    Okawaru [......]
Gold: 297           SH:  0    Dex: 19    Spells: 6/6 levels left

rFire    . . .     SeeInvis +   a - +2 dagger
rCold    . . .     Faith    .   (shield restricted)
rNeg     . . .     Spirit   .   b - +0 robe
rPois    .         Reflect  .   (helmet restricted)
rElec    .         Harm     .   c - +0 cloak
rCorr    .         Rampage  .   (gloves unavailable)
Will     +....     NoTele   +   (boots unavailable)
Stlth    ++++++++..             (no amulet)
HPRegen  0.09/turn              (no ring)
MPRegen  0.11/turn              (no ring)

@: slowed, heavily drained, quick
A: very small, no large weapons, unfitting armour, see invisible, speed 3
a: Renounce Religion


You were in the Dungeon.
You worshipped Okawaru.
Okawaru was noncommittal.
You visited 1 branch You collected 297 gold pieces.

Inventory:

Hand Weapons
 a - a +2 dagger (weapon)
Missiles
 d - 3 poisoned darts (quivered)
Armour
 b - a +0 robe (worn)
 c - a +0 cloak (worn)
Wands
 l - a wand of flame (21)
Scrolls
 k - a scroll of blinking
 m - a scroll of identify {unknown}
Potions
 g - a potion of heal wounds
 h - a potion of haste
 i - 2 potions of magic
 j - a potion of berserk rage
 n - a potion of lignification {unknown}


   Skills:
 + Level 2.9 Fighting
 + Level 3.7 Short Blades
 * Level 6.3 Throwing
 + Level 3.0 Dodging
 * Level 19.6 Stealth


You had 6 spell levels left.
You didn't know any spells.
Your spell library was empty.

Dungeon Overview and Level Annotations

Branches:
Dungeon (1/1)

Altars:
Cheibriados
Dithmenos
Elyvilon
Fedhas
Gozag
Hepliaklqana
Kikubaaqudgha
Makhleb
Nemelex Xobeh
Okawaru
Qazlal
Ru
Sif Muna
Trog
Uskayaw
Vehumet
Wu Jian
Xom
Yredelemnul
Zin
The Shining One
Jiyva
Lugonu

Shops:
D !

Annotations:
D Sonja


Innate Abilities, Weirdness & Mutations

You are very small and have problems with some larger weapons.
You are too small for most types of armour.
You have supernaturally acute eyesight. (SInv)
You cover ground extremely quickly. (Speed+++)


Message History

m - a scroll labelled GEZUSTR NEME
n - an emerald potion You open the door.
Sonja, the Graceful Assassin comes into view.
She is wielding a +1 short sword of draining and quivering curare-tipped darts.
Sonja shouts!
Sonja throws a curare-tipped dart.
The curare-tipped dart hits you.
You are poisoned.
You have difficulty breathing.
You feel yourself slow down.
Found 108 gold pieces.
You close the door.
You feel very sick.
You feel better.
Sonja opens the door.
Sonja throws a curare-tipped dart.
The curare-tipped dart closely misses you.
Throw: dart (curare)
Press: ? - help, Q - select action, (/) - cycle Shift-Dir - straight line, f - Sonja
Aim: Sonja, wielding a +1 short sword of draining and quivering curare-tipped darts (21% to hit)
You throw a curare-tipped dart.
The curare-tipped dart barely misses Sonja.
Sonja barely misses you. Sonja closely misses you. Sonja barely misses you.
Throw: 5 darts (poison)
Press: ? - help, Q - select action, (/) - cycle Shift-Dir - straight line, f/p - Sonja
Aim: Sonja, wielding a +1 short sword of draining and quivering curare-tipped darts (21% to hit)
You throw a poisoned dart. The poisoned dart hits Sonja.
Sonja hits you with a +1 short sword of draining!
You feel drained. Sonja closely misses you.
Sonja hits you with a +1 short sword of draining.
You feel drained.
Throw: 4 darts (poison)
Press: ? - help, Q - select action, (/) - cycle Shift-Dir - straight line, f/p - Sonja
Aim: Sonja, wielding a +1 short sword of draining and quivering curare-tipped darts (21% to hit)
You throw a poisoned dart. The poisoned dart misses Sonja.
Sonja hits you with a +1 short sword of draining!
* * * LOW HITPOINT WARNING * * *
You feel drained.
Sonja hits you with a +1 short sword of draining.
* * * LOW HITPOINT WARNING * * *
You feel drained.
* * * LOW HITPOINT WARNING * * *
Sonja hits you with a +1 short sword of draining!
You die...

###################
#<.#.)'..#..'..#__#
#..'..#.)').#..'^.+
#..#####'#####'#__#
#..####..#...#.####
#..#__####..##.#
#..#_____##'#_.+
#⌠⌠#_.∩..†'..._#
####_..__##_@#+#
#_____###K# #######
#.# $.$ $.$ ##(##
#+#


You could see Sonja.

Vanquished Creatures
  A slime creature (D)
  Sigmund (D)
  A yak (D)
  An ogre (D)
  A jelly (D)
  Ijyb (D)
6 creatures vanquished.

Notes
Turn   | Place    | Note
-------+----------+-------------------------------------------
     0 | D        | Hipnos the Spriggan Brigand began the quest for the Orb.
     0 | D        | Reached XP level 1. HP: 10/10 MP: 2/2
     1 | D        | Noticed Ijyb
     4 | D        | Killed Ijyb
     5 | D        | Reached skill level 9 in Stealth
     5 | D        | Reached XP level 2. HP: 15/15 MP: 3/3
     7 | D        | Noticed an ogre
    10 | D        | Killed an ogre
    11 | D        | Reached skill level 13 in Stealth
    11 | D        | Reached XP level 3. HP: 18/18 MP: 4/4
    11 | D        | Reached XP level 4. HP: 23/23 MP: 5/5
    25 | D        | Noticed Sigmund
    38 | D        | Killed Sigmund
    39 | D        | Reached skill level 5 in Throwing
    39 | D        | Reached skill level 16 in Stealth
    39 | D        | Reached XP level 5. HP: 27/27 MP: 6/6
   110 | D        | Found a burning altar of Makhleb.
   110 | D        | Found a viscous altar of Jiyva.
   110 | D        | Found a shimmering altar of Xom.
   110 | D        | Found a corrupted altar of Lugonu.
   110 | D        | Noticed a slime creature
   113 | D        | Killed a slime creature
   114 | D        | Reached skill level 18 in Stealth
   114 | D        | Reached XP level 6. HP: 32/32 MP: 7/7
   116 | D        | Found an ornate altar of the Wu Jian Council.
   116 | D        | Found a shimmering blue altar of Sif Muna.
   118 | D        | Found a radiant altar of Vehumet.
   125 | D        | Found Wacek's Distillery.
   125 | D        | Found an ancient bone altar of Kikubaaqudgha.
   125 | D        | Found a hazy altar of Hepliaklqana.
   125 | D        | Found a stormy altar of Qazlal.
   125 | D        | Found a hide-covered altar of Uskayaw.
   125 | D        | Found a blossoming altar of Fedhas.
   125 | D        | Found a bloodstained altar of Trog.
   125 | D        | Found an iron altar of Okawaru.
   125 | D        | Found a basalt altar of Yredelemnul.
   125 | D        | Found a glowing golden altar of the Shining One.
   125 | D        | Found a snail-covered altar of Cheibriados.
   125 | D        | Found a sacrificial altar of Ru.
   125 | D        | Found a glowing silver altar of Zin.
   125 | D        | Found a shadowy altar of Dithmenos.
   125 | D        | Found a white marble altar of Elyvilon.
   125 | D        | Noticed a yak
   126 | D        | Found an opulent altar of Gozag.
   127 | D        | Killed a yak
   128 | D        | Reached skill level 19 in Stealth
   128 | D        | Reached XP level 7. HP: 35/35 MP: 8/8
   128 | D        | Found a sparkling altar of Nemelex Xobeh.
   133 | D        | Became a worshipper of Warmaster Okawaru
   165 | D        | Noticed Sonja
   170 | D        | Slain by Sonja

Illustrated notes

Levels and vault maps discovered:
D:        dungeon_sprint_1 [red_sonja_temple_1, red_sonja_temple_small_1]

Skill      XL: |  1  2  3  4  5  6 |
---------------+-------------------+-----
Stealth        | 9 13 16 18 19 | 19.6
Fighting       | 2 |  2.9
Throwing       | 3 5 6 |  6.3
Dodging        | 2 3 |  3.0
Short Blades   | 3 |  3.7

Action                   |  1- 3 |  4- 6 |  7- 9 || total
-------------------------+-------+-------+-------++-------
Melee: Dagger            |     2 |     5 |       ||     7
Throw: Dart              |       |     8 |     3 ||    11
  Use: Potion            |       |       |     1 ||     1
 Stab: Sleeping          |     2 |     3 |       ||     5
Armor: Robe              |       |     1 |       ||     1
Dodge: Dodged            |       |     3 |     5 ||     8
